 Dungeon Crawl Stone Soup version bcrawl-1.18 (webtiles) character file.

Game seed: 5111566274300818563

20475 Anmu the Eclecticist (level 12, -10/72 HPs)
             Began as a Fairy Conjurer on Oct 30, 2019.
             Was a Priest of Sif Muna.
             Mangled by a centaur warrior simulacrum (27 damage)
             ... in a Gauntlet on Oct 31, 2019.
             The game lasted 00:38:58 (11715 turns).

Anmu the Eclecticist (Fairy Conjurer)              Turns: 11715, Time: 00:38:59

Health: -10/72     AC: 13    Str:  6    XL:     12   Next: 79%
Magic:  22/33      EV: 25    Int: 23    God:    Sif Muna [***...]
Gold:   1309       SH:  7    Dex: 14    Spells: 18/41 levels left

rFire    + . .     SeeInvis .   E - +11 hunting sling "Uczoal" {freeze, rN+ MR+}
rCold    . . .     Gourm    .   (shield restricted)
rNeg     + . .     Faith    .   (armour unavailable)
rPois    .         Spirit   .   h - +1 hat
rElec    .         Reflect  .   r - +2 cloak
rCorr    .         Harm     .   i - +0 pair of gloves
MR       ++...     NoTele   +   y - +0 pair of boots
Stlth    +.........             (no amulet)
HPRegen  0.22/turn              n - ring of protection from fire
MPRegen  0.23/turn              t - ring of wizardry

@: flying evasively
A: small, magic attunement, unstealthy, unfitting armour, horns 1, robust 1,
able to fly, AC/SH +7
a: Stop Flying, Divine Energy, Channel Magic, Renounce Religion


You were in a Gauntlet.
You worshipped Sif Muna.
Sif Muna was most pleased with you.
You were not hungry.

You visited 3 branches of the dungeon, and saw 11 of its levels.
You also visited: Gauntlet.

You collected 1309 gold pieces.

Inventory:

Hand Weapons
 q - a +4 quarterstaff of chaos
 E - the +11 hunting sling "Uczoal" (weapon) {freeze, rN+ MR+}
   (You found it on level 2 of the Lair of Beasts)

   It causes projectiles fired from it to freeze those they strike, causing
   extra injury to most foes and up to half again as much damage against
   particularly susceptible opponents.
   They can also slow down cold-blooded creatures.
   It protects you from negative energy.
   It affects your resistance to hostile enchantments.
Missiles
 d - 2 throwing nets (quivered) {!f}
Armour
 h - a +1 hat (worn)
 i - a +0 pair of gloves (worn)
 r - a +2 cloak (worn)
 s - a +1 helmet
 y - a +0 pair of boots (worn)
 z - the +0 buckler of the End {-Cast rC+ rCorr}
   (You found it on level 1 of the Lair of Beasts)

   It protects you from cold.
   It prevents spellcasting.
   It provides partial protection from all sources of acid and corrosion.
Jewellery
 n - a ring of protection from fire (left hand)
 t - a ring of wizardry (right hand)
 w - a +2 ring of strength
Wands
 l - a wand of random effects (10)
Scrolls
 a - 6 scrolls of teleportation
 f - 10 scrolls of identify
 m - 2 scrolls of enchant armour
 o - 2 scrolls of remove curse
 p - a scroll of fog
 u - a scroll of enchant weapon
 v - a scroll of amnesia
Potions
 b - a potion of magic
 e - 3 potions of brilliance
 g - a potion of might
 j - a potion of resistance
 k - 2 potions of heal wounds
 x - 4 potions of flight
 A - a potion of lignification {unknown}
 C - 2 potions of curing
Miscellaneous
 B - a phial of floods
Comestibles
 c - 10 rations {!d}


   Skills:
 * Level 12.3 Dodging
 + Level 3.5 Stealth
 + Level 1.0 Shields
 + Level 15.2 Spellcasting
 + Level 14.3 Conjurations
 + Level 1.0 Charms
 + Level 2.8 Translocations
 + Level 2.4 Air Magic


You had 18 spell levels left.
You knew the following spells:

 Your Spells              Type           Power        Failure   Level  Hunger
a - Magic Dart            Conj           ####         0%          1    None
b - Iskenderun's Mystic   Conj           ######..     1%          3    None
c - Blink                 Tloc           N/A          1%          2    None
d - Iskenderun's Battles  Conj/Chrm      ######..     1%          5    None
e - Lightning Bolt        Conj/Air       ######....   1%          5    None
f - Orb of Destruction    Conj           ######....   3%          7    None

Your spell library contained the following spells:

 Spells                   Type           Power        Failure   Level  Hunger
 Searing Ray              Conj           ######       0%          2    None
 Blink Other              Tloc           ####..       1%          1    None
 Slow                     Hex            ###.....     1%          1    None
 Call Imp                 Summ           ###.....     1%          2    None
 Poisonous Vapours        Pois/Air       ###...       1%          2    None
 Conjure Flame            Conj/Fire      ######..     1%          3    None
 Dazzling Spray           Conj/Hex       ######       1%          3    None
 Mephitic Cloud           Conj/Pois/Air  #####...     1%          3    None
 Portal Projectile        Tloc           ####..       1%          3    None
 Teleport Other           Tloc           ####....     1%          3    None
 Fulminant Prism          Conj/Hex       ######....   1%          4    None
 Irradiate                Conj/Tmut      ######....   1%          5    None
 Airstrike                Air            ####......   4%          4    None
 Conjure Ball Lightning   Conj/Air       ######....   6%          6    None
 Iron Shot                Conj/Erth      ######....   11%         6    None
 Poison Arrow             Conj/Pois      ######....   11%         6    None
 Passage of Golubria      Tloc           N/A          12%         5    None
 Spellforged Servitor     Conj/Summ      ######....   50%         7    None
 Freezing Cloud           Ice/Air        ###.......   73%         6    None
 Steam Barrier            Chrm/Fire      ###.......   82%         6    None
 Darkness                 Hex            ###.......   87%         6    None
 Infestation              Hex/Tmut/Pois  ###......    87%         6    None
 Shadow Creatures         Summ           N/A          87%         6    None


Dungeon Overview and Level Annotations

Branches:
Dungeon (8/12)             Temple (1/1) D:5            Lair (2/6) D:7
  Swamp (0/3) Lair:2
  Snake: Lair:2-4    Spider: Lair:2-4       Orc: D:8-11

Altars:
Ashenzari
Cheibriados
Dithmenos
Elyvilon
Fedhas
Gozag
Hepliaklqana
Kikubaaqudgha
Makhleb
Nemelex Xobeh
Okawaru
Qazlal
Ru
Sif Muna
Trog
Uskayaw
Vehumet
Wu Jian
Xom
Yredelemnul
Zin
The Shining One

Shops:
D:4 =%::

Annotations:
Gauntlet 11 transporters


Innate Abilities, Weirdness & Mutations

Your spells do not cause hunger and MP costs are reduced by 1.
Your bright wings attract enemies. (Stealth-)
You cannot fit into any form of body armour.
Your shimmering scales are hard and can block incoming attacks. (AC +7, SH +7)
You are small and have problems with some larger weapons.
You can fly continuously.
You have a pair of small horns on your head.
You are robust. (+10% HP)


Message History

The hornet simulacrum completely misses you.
The wolf spider simulacrum hits you but does no damage.
The wolf spider simulacrum completely misses you.
The centaur warrior simulacrum hits you.
The centaur warrior simulacrum freezes you!!
The hornet simulacrum misses you.
The wolf spider simulacrum closely misses you. x2
Casting: Magic Dart (safe; 0% risk of failure)
Confirm with . or Enter, or press ? or * to list all spells.
You recall your battlesphere and imbue it with additional charge.
The centaur warrior simulacrum barely misses you.
The wolf spider simulacrum hits you.
The wolf spider simulacrum freezes you!!
* * * LOW HITPOINT WARNING * * *
The wolf spider simulacrum misses you.
You block the hornet simulacrum's attack.
The centaur warrior simulacrum hits you.
* * * LOW HITPOINT WARNING * * *
The centaur warrior simulacrum freezes you!!
You die...

#.©.#.........#.©.#.....#
#...#....⌠....#...#....8#
#.©.#.........#.©.#.....#
########...###########..#
..©$≈..#...#...$©.(.Z#..#
.≈...≈.#...#.#.#.#.#.#..#
≈...≈≈.#...#..#.#.#..#..#
.≈≈≈.≈.#...#.#.#*#.#.#..#
.≈.≈..≈#.∩.#..#Z@Z#..#..#
≈...≈.≈#...#.#.#Z#.#.#..#
≈.≈≈.≈©#...#..#.#Z#..#..#
..≈..≈x#...#.#.#.#.#.#..#
...≈≈xX#...#.........#..#
########...###########..#
..©.............©.......#
.........∩.............8#
#########################


You could see a hornet simulacrum, a wolf spider simulacrum, 2 centaur warrior
simulacra and a friendly battlesphere.

Vanquished Creatures
  A hydra (Lair:1)
  4 two-headed ogres
  An ogre mage (D:8)
  8 death yaks
  The ghost of KrisU the Magician, a novice OnSk of Vehumet (D:6)
  A centaur zombie (D:8)
  2 cane toads (Lair:2)
  2 trolls (D:8)
  10 blink frogs (Lair:1)
  2 bog bodies (Lair:2)
  2 hippogriffs
  A centaur simulacrum (Gauntlet)
  10 yaks
  A basilisk (Lair:2)
  Menkaure (D:6)
  A hungry ghost (D:8)
  3 water moccasins
  3 porcupines (Lair:1)
  A swamp drake (Lair:1)
  2 black bears
  An ice beast (D:5)
  2 phantoms
  4 orc warriors
  2 sky beasts
  A necrophage (D:5)
  3 wolves (Lair:1)
  7 ogres
  3 centaurs
  A crocodile (D:6)
  12 bullfrogs
  A big kobold (D:8)
  3 scorpions
  A howler monkey (D:6)
  3 crimson imps (D:8)
  A quasit (D:8)
  A jelly (D:5)
  2 bullfrog skeletons
  4 orc priests
  2 hounds
  7 orc wizards
  3 centaur skeletons
  Crazy Yiuf (D:6)
  2 iguanas
  12 worker ants
  2 hound zombies
  A hound skeleton (D:7)
  A howler monkey zombie (D:8)
  12 gnolls
  A howler monkey skeleton (D:4)
  9 adders
  3 shadow imps
  An ooze (D:5)
  An adder skeleton (D:6)
  2 adder zombies
  6 worms
  2 dart slugs
  6 leopard geckos
  34 orcs
  A goblin (D:1)
  7 hobgoblins
  2 jackals (D:4)
  2 quokkas
  5 bats
  5 frilled lizards
  A jackal skeleton (D:8)
  10 kobolds
  7 rats
  A plant (Lair:1)
258 creatures vanquished.

Notes
Turn   | Place    | Note
-------+----------+-------------------------------------------
     0 | D:1      | Anmu the Fairy Conjurer began the quest for the Orb.
     0 | D:1      | Reached XP level 1. HP: 11/11 MP: 6/6
    65 | D:1      | Reached skill level 5 in Conjurations
   150 | D:1      | Reached XP level 2. HP: 17/17 MP: 7/7
   329 | D:1      | Reached XP level 3. HP: 21/21 MP: 9/9
   334 | D:1      | Learned a level 3 spell: Iskenderun's Mystic Blast
   469 | D:1      | Reached skill level 3 in Spellcasting
  1033 | D:2      | Found a stormy altar of Qazlal.
  1089 | D:2      | Reached XP level 4. HP: 24/27 MP: 10/10
  1261 | D:3      | Found an ancient bone altar of Kikubaaqudgha.
  1393 | D:3      | Noticed a centaur
  1398 | D:3      | Killed a centaur
  1398 | D:3      | Reached XP level 5. HP: 11/31 MP: 1/12
  1642 | D:3      | Reached skill level 4 in Spellcasting
  2032 | D:4      | Found Astraogosm's Food Boutique.
  2067 | D:4      | Found Ymigaih's Book Emporium.
  2080 | D:4      | Noticed a sky beast
  2085 | D:4      | Reached XP level 6. HP: 36/36 MP: 3/14
  2087 | D:4      | Killed a sky beast
  2323 | D:4      | Reached skill level 5 in Dodging
  2323 | D:4      | Reached skill level 5 in Spellcasting
  2323 | D:4      | Reached XP level 7. HP: 41/41 MP: 8/16
  2445 | D:4      | Reached skill level 6 in Spellcasting
  2508 | D:4      | Found a sparkling altar of Nemelex Xobeh.
  2510 | D:4      | Found a white marble altar of Elyvilon.
  2647 | D:4      | Found Kenesoro's Book Shop.
  2766 | D:4      | Found a shadowy altar of Dithmenos.
  2801 | D:4      | Found Fuokept's Weapon Shop.
  2807 | D:4      | Found Yxixzag's Jewellery Boutique.
  3042 | D:4      | Found a radiant altar of Vehumet.
  3052 | D:5      | Entered Level 5 of the Dungeon
  3065 | D:5      | Reached XP level 8. HP: 46/46 MP: 5/19
  3188 | D:5      | Gained mutation: You have a pair of small horns on your
                  | head. [potion of mutation]
  3188 | D:5      | Gained mutation: You are robust. (+10% HP) [potion of
                  | mutation]
  3232 | D:5      | Reached skill level 7 in Spellcasting
  3277 | D:5      | Found a hazy altar of Hepliaklqana.
  3278 | D:5      | Found a shimmering altar of Xom.
  3278 | D:5      | Noticed a spectral ugly thing
  3279 | D:5      | Noticed a spectral ugly thing
  3279 | D:5      | Noticed a spectral ugly thing
  3293 | D:5      | Found a staircase to the Ecumenical Temple.
  3315 | Temple   | Entered the Ecumenical Temple
  3409 | Temple   | Became a worshipper of Sif Muna the Loreminder
  3934 | D:6      | Found a glowing silver altar of Zin.
  3985 | D:6      | Noticed Menkaure
  3989 | D:6      | Killed Menkaure
  3989 | D:6      | Reached skill level 8 in Spellcasting
  4039 | D:6      | Reached * piety under Sif Muna
  4206 | D:6      | Reached XP level 9. HP: 56/56 MP: 18/23
  4246 | D:6      | Found a runed door.
  4293 | D:6      | Found a runed translucent door.
  4298 | D:6      | Noticed KrisU's ghost (novice OnSk)
  4326 | D:6      | Reached skill level 10 in Conjurations
  4378 | D:6      | Reached ** piety under Sif Muna
  4381 | D:6      | Killed KrisU's ghost
  4381 | D:6      | Reached skill level 9 in Spellcasting
  4529 | D:6      | Identified Sif Muna's Collected Works on the Birds (Sif
                  | Muna gifted it to you on level 6 of the Dungeon)
  4529 | D:6      | Received a gift from Sif Muna
  5000 | D:6      | Noticed Crazy Yiuf
  5001 | D:6      | Killed Crazy Yiuf
  5233 | D:7      | Reached skill level 10 in Spellcasting
  5406 | D:7      | Learned a level 2 spell: Blink
  5508 | D:7      | Reached XP level 10. HP: 61/61 MP: 15/26
  5661 | D:7      | Noticed a death yak
  5661 | D:7      | Noticed a death yak
  5661 | D:7      | Noticed a death yak
  5661 | D:7      | Noticed a death yak
  5661 | D:7      | Noticed a death yak
  5663 | D:7      | Noticed a death yak
  5689 | D:6      | Killed a death yak
  5824 | D:7      | Noticed a death yak
  5849 | D:6      | Killed a death yak
  5849 | D:6      | Reached *** piety under Sif Muna
  5849 | D:6      | Reached skill level 11 in Spellcasting
  5927 | D:6      | Learned a level 5 spell: Lightning Bolt
  5930 | D:7      | Noticed a death yak
  5959 | D:6      | Killed a death yak
  5959 | D:6      | Identified Sif Muna's Handbook of Ensnaring Summoning (Sif
                  | Muna gifted it to you on level 6 of the Dungeon)
  5959 | D:6      | Received a gift from Sif Muna
  5959 | D:6      | Reached skill level 1 in Translocations
  6359 | D:7      | Found a staircase to the Lair.
  6413 | D:7      | Killed a death yak
  6413 | D:7      | Reached skill level 12 in Spellcasting
  6532 | D:7      | Noticed a death yak
  6543 | D:7      | Reached skill level 1 in Air Magic
  6728 | D:6      | Killed a death yak
  6728 | D:6      | Reached skill level 10 in Dodging
  6728 | D:6      | Reached XP level 11. HP: 15/67 MP: 10/29
  7012 | D:6      | Killed a death yak
  7230 | D:6      | Killed a death yak
  7347 | D:6      | Killed a death yak
  7592 | D:8      | Reached skill level 13 in Spellcasting
  7835 | D:8      | Noticed a two-headed ogre
  7835 | D:8      | Noticed a two-headed ogre
  7837 | D:8      | Noticed a two-headed ogre
  7838 | D:8      | Noticed an ogre mage
  7853 | D:8      | Killed an ogre mage
  7853 | D:8      | Received a gift from Sif Muna
  7860 | D:7      | Killed a two-headed ogre
  7975 | D:7      | Killed a two-headed ogre
  8612 | D:8      | Killed a two-headed ogre
  8612 | D:8      | Reached skill level 14 in Spellcasting
  8612 | D:8      | Reached XP level 12. HP: 72/72 MP: 5/32
  9093 | D:8      | Noticed a two-headed ogre
  9098 | D:8      | Killed a two-headed ogre
  9321 | D:8      | Reached **** piety under Sif Muna
  9578 | D:8      | Received a gift from Sif Muna
  9586 | D:8      | Learned a level 5 spell: Iskenderun's Battlesphere
  9594 | D:8      | Learned a level 7 spell: Orb of Destruction
  9830 | D:8      | Upgraded the game from bcrawl-1.17.3 to bcrawl-1.18
  9933 | Lair:1   | Entered Level 1 of the Lair of Beasts
  9937 | Lair:1   | Got a polished buckler
  9947 | Lair:1   | Identified the cursed +0 buckler of the End {-Cast rC+
                  | rCorr} (You found it on level 1 of the Lair of Beasts)
 10557 | Lair:1   | Noticed an eight-headed hydra
 10562 | Lair:1   | Killed an eight-headed hydra
 10564 | Lair:1   | Reached skill level 1 in Charms
 10569 | Lair:1   | Reached skill level 15 in Spellcasting
 11295 | Lair:2   | Got an ichor-stained hunting sling
 11296 | Lair:2   | Identified the +11 hunting sling "Uczoal" {freeze, rN+ MR+}
                  | (You found it on level 2 of the Lair of Beasts)
 11360 | Lair:2   | Found a staircase to the Swamp.
 11401 | Lair:2   | Found a gate leading to a gauntlet.
 11406 | Lair:2   | Reached skill level 1 in Shields
 11415 | Gauntlet | Entered a Gauntlet
 11415 | Gauntlet | Found a transporter.
 11415 | Gauntlet | Found a transporter.
 11506 | Gauntlet | Found a transporter.
 11510 | Gauntlet | Found a transporter.
 11526 | Gauntlet | Found a transporter.
 11528 | Gauntlet | Found a transporter.
 11529 | Gauntlet | Noticed a wretched star
 11536 | Gauntlet | Noticed a seven-headed hydra
 11537 | Gauntlet | Noticed a death yak
 11538 | Gauntlet | Found a transporter.
 11566 | Gauntlet | Noticed a death yak
 11584 | Gauntlet | Found a transporter.
 11584 | Gauntlet | Found a transporter.
 11626 | Gauntlet | Found a transporter.
 11630 | Gauntlet | Found a transporter.
 11640 | Gauntlet | Found a transporter.
 11641 | Gauntlet | Found the +2 pair of boots of the Assassin {Detection Stab+
                  | Stlth++}
 11715 | Gauntlet | Mangled by a centaur warrior simulacrum

Skill      XL: |  1  2  3  4  5  6  7  8  9 10 11 12 |
---------------+-------------------------------------+-----
Conjurations   | 5 6 7 8 9 11 12 13 14 | 14.3
Dodging        | 3 4 5 7 8 10 11 12 | 12.3
Spellcasting   | 3 4 5 6 8 10 12 14 15 | 15.2
Stealth        | 2 3 |  3.5
Translocations | 1 2 |  2.8
Air Magic      | 1 2 |  2.4
Charms         | 1 |  1.0
Shields        | 1 |  1.0

Action                   |  1- 3 |  4- 6 |  7- 9 | 10-12 || total
-------------------------+-------+-------+-------+-------++-------
 Cast: Magic Dart        |    66 |    31 |   192 |   121 ||   410
       Iskenderun's Myst |     6 |    23 |    85 |   193 ||   307
       Lightning Bolt    |       |       |       |    20 ||    20
       Blink             |       |       |       |    13 ||    13
       Iskenderun's Batt |       |       |       |    12 ||    12
       Orb of Destructio |       |       |       |     8 ||     8
  Use: Potion            |       |       |     9 |     3 ||    12
       Scroll            |       |       |     6 |     6 ||    12
  Eat: Chunk             |       |     4 |    10 |     9 ||    23
       Ration            |       |       |       |     3 ||     3
Armor: Skin              |     1 |     1 |     6 |    10 ||    18
Dodge: Dodged            |     7 |     8 |    49 |    90 ||   154
Block: Other             |     3 |     1 |    15 |    22 ||    41
